 Dungeon Crawl Stone Soup version 0.31-a0-614-gc85dc1c48c (webtiles) character file.

Game seed: 5740804149122413328

30 Ijustatesigmund the Stinger (level 3, -2/23 HPs)
             Began as an Octopode Venom Mage on Aug 22, 2023.
             Slain by a cerulean imp
             ... wielding a +2 spear
             ... summoned by Natasha
              (3 damage)
             ... on level 2 of the Dungeon.
             The game lasted 00:01:51 (1238 turns).

Ijustatesigmund the Stinger (Octopode Venom Mage)   Turns: 1238, Time: 00:01:51

Health: -2/23      AC:  1    Str:  7    XL:     3   Next: 20%
Magic:  5/6        EV: 13    Int: 19    God:
Gold:   30         SH:  0    Dex: 12    Spells: 0/6 levels left

rFire   . . .        e - +0 spear
rCold   . . .        (no shield)
rNeg    . . .        (helmet restricted)
rPois   .            (no amulet)
rElec   .            (no ring)
rCorr   .            (no ring)
SInv    .            (no ring)
Will    .....        (no ring)
Stlth   +++          (no ring)
HPRegen 0.23/turn    (no ring)
MPRegen 0.10/turn    (no ring)
                     (no ring)

%: no passive effects
@: no status effects
A: almost no armour, amphibious, 8 rings, camouflage 1, gelatinous body 1,
(nimble swimmer 1), tentacles, fangs 1
a: no special abilities


You were on level 2 of the Dungeon.
You visited 1 branch of the dungeon, and saw 2 of its levels.

You collected 30 gold pieces.

Inventory:

Hand Weapons
 e - a +0 spear (weapon)
Missiles
 d - 2 poisoned darts
Jewellery
 c - a ring of ice
Scrolls
 f - a scroll of fear {unknown}
Potions
 a - a potion of magic
 g - a potion of brilliance {unknown}


   Skills:
 + Level 1.2 Fighting
 - Level 2.0 Dodging
 - Level 2.6 Stealth
 + Level 2.4 Spellcasting
 + Level 0.1 Conjurations
 - Level 1.0 Transmutations
 + Level 0.6 Air Magic
 + Level 4.1 Poison Magic


You couldn't memorise any spells.
You knew the following spells:

 Your Spells              Type           Power      Damage    Failure   Level
a - Sting                 Tmut/Pois      48%        1d5       5%          1
b - Poisonous Vapours     Pois/Air       22%        N/A       10%         2
c - Mephitic Cloud        Conj/Pois/Air  8%         N/A       26%         3

Your spell library contained the following spells:

 Spells                   Type           Power      Damage    Failure   Level
 Olgreb's Toxic Radiance  Pois           17%        N/A       30%         4


Dungeon Overview and Level Annotations

Branches:
Dungeon (2/15)

Altars:

Annotations:
D:2 Natasha


Innate Abilities, Weirdness & Mutations

You cannot wear most types of armour.
You are amphibious.
You can wear up to eight rings at the same time.
Your skin changes colour to match your surroundings (Stealth+).
Your rubbery body absorbs attacks. (AC +1, EV +1)
((You are camouflaged when in or above water. (Stealth+)))
You have tentacles for arms and can constrict up to eight enemies at once.
You have very sharp teeth.


Message History

The orc is lightly wounded.
Natasha stares at you and mumbles some strange words.
The magic dart hits you!
You closely miss the orc. Your grab misses the orc. You squeeze the orc.
The orc is severely wounded.
You kill the orc!
Found 2 inky potions.
The kobold throws a stone.
The stone hits you.
You see here a +0 club.
You closely miss Natasha. Your grab misses Natasha.
Your tentacle-slap misses Natasha.
You squeeze Natasha.
Natasha is lightly wounded.
Natasha claws you.
You hit Natasha but do no damage. You grab Natasha.
Natasha is lightly wounded.
You constrict Natasha, but do no damage.
Natasha misses you.
The kobold throws a stone.
The stone closely misses you.
You hit Natasha but do no damage. You squeeze Natasha.
Natasha is heavily wounded.
You constrict Natasha. Natasha misses you.
You hit Natasha. You squeeze Natasha, but do no damage.
Natasha is severely wounded.
You constrict Natasha. Natasha claws you. The kobold closely misses you.
Natasha barely misses you.
You hit Natasha but do no damage.
Natasha is severely wounded.
You constrict Natasha. The kobold barely misses you. Natasha claws you.
You are too injured to fight recklessly!
You barely miss Natasha.
Natasha is almost dead.
You constrict Natasha. The kobold hits you with a +0 whip.
* * * LOW HITPOINT WARNING * * *
Natasha mumbles some strange words.
Unknown command.
It was a potion of mutation.
You feel extremely strange.
Your teeth lengthen and sharpen.
You constrict Natasha, but do no damage.
The kobold closely misses you. Natasha claws you.
* * * LOW HITPOINT WARNING * * *
The cerulean imp hits you with a +2 spear.
You die...

#######.
#...........##
######............#
##.....(.........#.#.
##.........###........
#.........##?#........
#.........#.##........
#....<..†..##.K.......
#......##...!.@h......
#.....##.#...5.....>.!
#..>..#$##............
#.....###....(...##...
#.................. ##
#.................#.
#....................
......#........


You could see Natasha, a cerulean imp (summoned) and a kobold.

Vanquished Creatures
  An orc (D:2)
  A ball python (D:1)
  7 endoplasms
  2 giant cockroaches
  3 goblins (D:1)
  2 hobgoblins (D:1)
  2 kobolds (D:1)
  A quokka (D:1)
  A bat (D:1)
  2 frilled lizards
  4 rats (D:1)
26 creatures vanquished.

Notes
Turn   | Place    | Note
-------+----------+-------------------------------------------
     0 | D:1      | Ijustatesigmund the Octopode Venom Mage began the quest for
                  | the Orb.
     0 | D:1      | Reached XP level 1. HP: 11/11 MP: 3/3
   129 | D:1      | Reached XP level 2. HP: 18/18 MP: 5/5
   132 | D:1      | Learned a level 2 spell: Poisonous Vapours
   330 | D:1      | Reached skill level 1 in Fighting
   338 | D:1      | Reached skill level 4 in Poison Magic
   769 | D:1      | Reached XP level 3. HP: 23/23 MP: 3/6
   773 | D:1      | Learned a level 3 spell: Mephitic Cloud
  1227 | D:2      | Noticed Natasha
  1238 | D:2      | Gained mutation: You have very sharp teeth. [potion of
                  | mutation]
  1238 | D:2      | HP: 1/23 [Natasha (1)]
  1238 | D:2      | Slain by a cerulean imp

Illustrated notes

Levels and vault maps discovered:
D:1:      dpeg_arrival_boxorama, layout_basic
D:2:      layout_rooms, shapermc_ecumenical_altar_starsandcircs, basic_altar,
          minmay_bisected, uniq_natasha

Skill      XL: |  1  2 |
---------------+-------+-----
Fighting       | 1 |  1.2
Poison Magic   | 4 |  4.1
Dodging        | |  2.0
Stealth        | |  2.6
Spellcasting   | |  2.4
Conjurations   | |  0.1
Transmutations | |  1.0
Air Magic      | |  0.6

Action                     || total
---------------------------++-------
  Melee: Dagger            ||    34
         Constrict         ||     5
         Tentacles         ||     7
         Spear             ||    14
         Punch             ||     1
   Cast: Poisonous Vapours ||    11
    Use: Potion            ||     1
   Stab: Sleeping          ||     8
 Armour: Skin              ||     1
  Dodge: Dodged            ||    28

Table legend: (Time is in decaauts)
 A = Elapsed time spent in this place.
 B = Non-inter-level travel time spent in this place.
 C = Inter-level travel time spent in this place.
 D = Time resting spent in this place.
 E = Time spent auto-exploring this place.
 F = Levels seen in this place.
 G = Mean time per level.
                   A        B        C        D        E       F      G
               +--------+--------+--------+--------+--------+-----+--------+
         Total |   1239 |   1138 |    101 |    234 |    709 |   2 |  619.5 |
       Dungeon |   1239 |   1138 |    101 |    234 |    709 |   2 |  619.5 |
               +--------+--------+--------+--------+--------+-----+--------+

Top non-repeatable levels by time:
     D:1: 1195 daAuts
     D:2: 43 daAuts
